 Dungeon Crawl Stone Soup version 0.21-a0-517-gd76cfe0 (webtiles) character file.

198 slep the Chopper (level 5, -2/43 HPs)
             Began as a Barachi Monk on Dec 4, 2017.
             Slain by a bullfrog skeleton (3 damage)
             ... on level 4 of the Dungeon.
             The game lasted 00:06:54 (2596 turns).

slep the Chopper (Barachi Monk)                     Turns: 2596, Time: 00:06:54

Health: -2/43      AC:  3    Str: 13    XL:     5   Next: 77%
Magic:  5/5        EV: 14    Int: 10    God:
Gold:   122        SH:  0    Dex: 15    Spells: 4/4 levels left

rFire    . . .     SeeInvis .   a - +0 hand axe
rCold    . . .     Gourm    .   (no shield)
rNeg     . . .     Faith    .   d - +0 leather armour (curse)
rPois    .         Spirit   .   (no helmet)
rElec    .         Reflect  .   (no cloak)
rCorr    .         Harm     .   (no gloves)
MR       .....                  (no boots)
Stlth    ++........             (no amulet)
HPRegen  0.14/turn              (no ring)
MPRegen  0.09/turn              (no ring)

@: slow
A: +LOS, swims, slowness 1, strong legs 1
a: Hop


You were on level 4 of the Dungeon.
You were hungry.

You visited 1 branch of the dungeon, and saw 4 of its levels.

You collected 122 gold pieces.

Inventory:

Hand Weapons
 a - a +0 hand axe (weapon)
Armour
 b - a +0 robe
 d - a cursed +0 leather armour (worn)
Wands
 r - a wand of acid (2)
Scrolls
 e - 2 scrolls of teleportation {unknown}
 h - 2 scrolls of fog {unknown}
 k - a scroll of identify {unknown}
 n - a scroll of amnesia {unknown}
 o - 3 scrolls of noise {unknown}
 q - a scroll of enchant weapon {unknown}
 s - 2 scrolls of immolation {unknown}
 v - a scroll of remove curse {unknown}
 w - a scroll of magic mapping {unknown}
Potions
 g - 3 potions of curing {unknown}
 i - a potion of flight {unknown}
 j - a potion of resistance {unknown}
 l - a potion of heal wounds {unknown}
 m - a potion of might {unknown}
 p - a potion of lignification {unknown}
 u - a potion of degeneration {unknown}
Comestibles
 c - a bread ration
 f - 2 meat rations
 t - a royal jelly


   Skills:
 + Level 4.5 Fighting
 + Level 4.8 Axes
 + Level 2.4 Armour
 + Level 4.4 Dodging
 + Level 2.1 Stealth
 + Level 0.1 Evocations


You had 4 spell levels left.
You didn't know any spells.

Dungeon Overview and Level Annotations

Branches:
Dungeon (4/15)
 Temple: D:4-7

Altars:
Dithmenos
Qazlal
Vehumet


Innate Abilities, Weirdness & Mutations

Shadows flee at your approach. (+LOS)
You can swim through water.
You cover ground slowly.
You can hop short distances.


Message History

The bullfrog skeleton is moderately damaged.
You hit the bullfrog skeleton. The bullfrog skeleton misses you.
The bullfrog skeleton barely misses you.
You hit the bullfrog skeleton.
The bullfrog skeleton is heavily damaged.
You hit the bullfrog skeleton but do no damage.
The bullfrog skeleton closely misses you.
The bullfrog skeleton hits you but does no damage.
The bullfrog skeleton hits you.
* * * LOW HITPOINT WARNING * * *
You slash the bullfrog skeleton!
The bullfrog skeleton is severely damaged.
You hit the bullfrog skeleton but do no damage.
The bullfrog skeleton hits you but does no damage.
The bullfrog skeleton hits you.
* * * LOW HITPOINT WARNING * * *
The bullfrog skeleton hits you!
* * * LOW HITPOINT WARNING * * *
The bullfrog skeleton hits you.
You die...

.#.......................
.#.........##.#...........
.#####+#...## #...........
....##.#...##.#...........
.#..##.#....#.#...........
.#.........## .%..........
.......#.#.####...........
###.......................
....)........##.@.........
####.........##.ZZ........
...'.........##...........
..##.........##...........
..##.........##...........
..##.........##...........
...#.........##...........
...#.........##...........
...#......... ............


You could see 2 bullfrog skeletons.

Vanquished Creatures
  An ogre (D:4)
  A gnoll (D:1)
  4 adders
  A dart slug (D:1)
  3 leopard geckos
  2 orcs
  3 ball pythons
  4 giant cockroaches
  5 goblins (D:1)
  3 hobgoblins
  6 jackals
  7 bats
  A frilled lizard (D:2)
  7 kobolds
  8 rats
56 creatures vanquished.

Notes
Turn   | Place    | Note
-------+----------+-------------------------------------------
     0 | D:1      | slep the Barachi Monk began the quest for the Orb.
     0 | D:1      | Reached XP level 1. HP: 18/18 MP: 1/1
    27 | D:1      | Reached XP level 2. HP: 3/25 MP: 2/2
   504 | D:1      | Reached XP level 3. HP: 26/30 MP: 3/3
  1140 | D:2      | Reached XP level 4. HP: 16/37 MP: 4/4
  1449 | D:2      | Noticed an air elemental
  1451 | D:2      | Found a stormy altar of Qazlal.
  1451 | D:2      | Noticed an earth elemental
  1452 | D:2      | Noticed a water elemental
  1452 | D:2      | Noticed a fire elemental
  1861 | D:3      | Reached skill level 1 in Armour
  1967 | D:3      | Found a shadowy altar of Dithmenos.
  2133 | D:3      | Found a radiant altar of Vehumet.
  2443 | D:4      | Noticed an ogre
  2488 | D:4      | Killed an ogre
  2488 | D:4      | Reached XP level 5. HP: 11/43 MP: 5/5
  2595 | D:4      | HP: 1/43 [bullfrog skeleton (7)]
  2596 | D:4      | Slain by a bullfrog skeleton

Vault maps used:
D:1:      lightli_arrival_lavapool
D:2:      nicolae_qazlal_style_of_elements
D:3:      lemuel_round_altar, overflow_temple_1_default
D:4:      first_bread, serial_shops, shop_statue, item_on_display_a

Skill      XL: |  1  2  3  4 |
---------------+-------------+-----
Fighting       | 4 |  4.5
Dodging        | 4 |  4.4
Axes           | 4 |  4.8
Stealth        | 2 |  2.1
Armour         | 2 |  2.4
Evocations     | |  0.1

Action                   |  1- 3 |  4- 6 || total
-------------------------+-------+-------++-------
Melee: Hand axe          |   132 |    94 ||   226
Evoke: Wand              |       |     3 ||     3
 Stab: Sleeping          |     2 |       ||     2
  Eat: Chunk             |     1 |     5 ||     6
Armor: Robe              |     6 |       ||     6
       Leather armour    |    28 |    18 ||    46
Dodge: Dodged            |   118 |    78 ||   196

Table legend:
 A = Spawn XP
 B = Non-spawn XP
 C = Spawn XP percentage of total XP
 D = Spawn monster count
 E = Non-spawn monster count
 F = Spawn count percentage of total count
 G = Total turns spent on level
                    A         B        C        D         E        F      G
               +---------+---------+-------+---------+---------+-------+---------
         Total |       0 |     284 |   0.0 |       0 |      56 |   0.0 |  2596
               +---------+---------+-------+---------+---------+-------+---------
           D:1 |       0 |      65 |   0.0 |       0 |      29 |   0.0 |   978
           D:2 |       0 |      27 |   0.0 |       0 |       9 |   0.0 |   593
           D:3 |       0 |      65 |   0.0 |       0 |      16 |   0.0 |   812
           D:4 |       0 |     127 |   0.0 |       0 |       2 |   0.0 |   213
               +---------+---------+-------+---------+---------+-------+---------
